| TOP OF THE 1ST |
|
Fresno Grizzlies batting - Pitching for Pawtucket Red Sox : RHP Frank Picaso
|
|
Pitching: RHP Frank Picaso
|
|
|
Batting: RHB Ben Hoffman
|
0-0: Swinging Strike 0-1: Ball 1-1: Ground out 4-3 (Groundball, 4, EV 88.1 MPH)
|
|
Batting: LHB Chris Cabrera
|
0-0: DOUBLE (Line Drive, 7LD, EV 109.4 MPH)
|
|
Batting: LHB Bob Myers
|
0-0: Ball 1-0: Called Strike 1-1: Called Strike 1-2: Ball 2-2: Ball 3-2: Foul Ball, location: 2F 3-2: Fly out, F9 (Flyball, 9, EV 80.0 MPH)
|
|
Batting: RHB Chris Fitzgerald
|
0-0: Swinging Strike 0-1: Foul Ball, location: 2F 0-2: Ball 1-2: Ball 2-2: Strikes out swinging
|
| Top of the 1st over - 0 runs, 1 hit, 0 errors, 1 left on base; Fresno 0 - Pawtucket 0 |
| BOTTOM OF THE 1ST |
|
Pawtucket Red Sox batting - Pitching for Fresno Grizzlies : RHP Mike Chisolm
|
|
Pitching: RHP Mike Chisolm
|
|
|
Batting: RHB Brandon Perris
|
0-0: Ball 1-0: Ball 2-0: Foul Ball, location: 2F 2-1: Called Strike 2-2: Ground out 5-3 (Groundball, 56, EV 98.1 MPH)
|
|
Batting: RHB Dan Friess
|
0-0: Foul Ball, location: 2F 0-1: Swinging Strike 0-2: Ball 1-2: Ball 2-2: Foul Ball, location: 2F 2-2: Ball 3-2: SINGLE (Groundball, 4MD, EV 103.1 MPH)
|
|
Batting: SHB Ben Ervin
|
0-0: Ball 1-0: Called Strike 1-1: Foul Ball, location: 2F 1-2: Foul Ball, location: 2F 1-2: Foul Ball, location: 2F 1-2: Strikes out swinging
|
|
Batting: LHB John Bailey
|
0-0: Ball 1-0: Ball 2-0: Ball 3-0: Base on Balls Dan Friess to second
|
|
Batting: SHB Willie Koviak
|
0-0: Ball 1-0: SINGLE (Flyball, 8RS, EV 86.9 MPH) Dan Friess to third John Bailey to second Runner from 3rd tries for Home, SAFE, throw by RF to home
|
|
Batting: RHB Ernie Genier
|
0-0: Ball 1-0: Ball 2-0: Swinging Strike 2-1: Fielders Choice at 2nd, 6-4 (Groundball, 6, EV 96.2 MPH)
|
| Bottom of the 1st over - 1 run, 2 hits, 0 errors, 2 left on base; Fresno 0 - Pawtucket 1 |
| TOP OF THE 2ND |
|
Fresno Grizzlies batting - Pitching for Pawtucket Red Sox : RHP Frank Picaso
|
|
Batting: RHB Ramon Castellon
|
0-0: Foul Ball, location: 2F 0-1: Ball 1-1: Ball 2-1: Called Strike 2-2: Strikes out swinging
|
|
Batting: RHB Paul Shell
|
0-0: Ball 1-0: Ball 2-0: Ball 3-0: Called Strike 3-1: Called Strike 3-2: Foul Ball, location: 2F 3-2: Foul Ball, location: 2F 3-2: Ground out 2-3 (Groundball, 15S, EV 67.5 MPH)
|
|
Batting: RHB Edgar Trejo
|
0-0: Ball 1-0: DOUBLE (Line Drive, 78D, EV 109.4 MPH)
|
|
Batting: RHB Raul Sanchez
|
0-0: Ball 1-0: Swinging Strike 1-1: Called Strike 1-2: Strikes out looking
|
| Top of the 2nd over - 0 runs, 1 hit, 0 errors, 1 left on base; Fresno 0 - Pawtucket 1 |
| BOTTOM OF THE 2ND |
|
Pawtucket Red Sox batting - Pitching for Fresno Grizzlies : RHP Mike Chisolm
|
|
Batting: RHB Eric Garrett
|
0-0: SINGLE (Groundball, 4MD, EV 95.6 MPH)
|
|
Batting: RHB Xavier Joslin
|
0-0: Called Strike 0-1: Swinging Strike 0-2: Ball 1-2: Strikes out swinging
|
|
Batting: LHB Dave Reyes
|
0-0: Foul Ball, location: 2F 0-1: Ball 1-1: Fielders Choice at 2nd, 5-4 (Groundball, 56, EV 90.6 MPH)
|
|
Batting: RHB Brandon Perris
|
0-0: Ball 1-0: Ball 2-0: Ball 3-0: Base on Balls Dave Reyes to second
|
|
Batting: RHB Dan Friess
|
0-0: Foul Ball, location: 2F 0-1: Ball 1-1: Ball 2-1: Called Strike 2-2: SINGLE (Groundball, 3D, EV 103.8 MPH) Dave Reyes to third Brandon Perris to second Throwing error, E9 Dave Reyes scores Brandon Perris to third Dan Friess to second
|
|
Batting: SHB Ben Ervin
|
0-0: Called Strike 0-1: Ball 1-1: Swinging Strike 1-2: Ball 2-2: SINGLE (Groundball, 6MD, EV 99.4 MPH) Brandon Perris scores Dan Friess to third
|
|
Batting: LHB John Bailey
|
0-0: Swinging Strike 0-1: Ball 1-1: Called Strike 1-2: SINGLE (Groundball, 6D, EV 101.2 MPH) Dan Friess scores Ben Ervin to second Runner from 2nd tries for 3rd, SAFE, throw by CF made to third
|
|
Batting: SHB Willie Koviak
|
0-0: Foul Ball, location: 2F 0-1: Ball 1-1: Ground out U3 (Groundball, 3L, EV 103.1 MPH)
|
| Bottom of the 2nd over - 3 runs, 4 hits, 1 error, 2 left on base; Fresno 0 - Pawtucket 4 |
| TOP OF THE 3RD |
|
Fresno Grizzlies batting - Pitching for Pawtucket Red Sox : RHP Frank Picaso
|
|
Batting: RHB Matt Parker
|
0-0: Fly out, F7 (Flyball, 7D, EV 107.5 MPH)
|
|
Batting: RHB Ben Hoffman
|
0-0: Called Strike 0-1: Ball 1-1: Foul Ball, location: 2F 1-2: SINGLE (Groundball, 6MS, EV 70.0 MPH) (infield hit)
|
|
Batting: LHB Chris Cabrera
|
0-0: Ball Ben Hoffman steals 2nd, throwing error, E2 Ben Hoffman to third 1-0: Called Strike 1-1: Swinging Strike 1-2: Strikes out swinging, 2-3 out at first.
|
|
Batting: LHB Bob Myers
|
0-0: Foul Ball, location: 2F 0-1: Ball 1-1: Fly out, F8 (Line Drive, 8RD, EV 89.4 MPH)
|
| Top of the 3rd over - 0 runs, 1 hit, 1 error, 1 left on base; Fresno 0 - Pawtucket 4 |
| BOTTOM OF THE 3RD |
|
Pawtucket Red Sox batting - Pitching for Fresno Grizzlies : RHP Mike Chisolm
|
|
Batting: RHB Ernie Genier
|
0-0: Ball 1-0: Ball 2-0: Foul Ball, location: 2F 2-1: SINGLE (Groundball, 6MD, EV 105.0 MPH)
|
|
Batting: RHB Eric Garrett
|
0-0: Called Strike 0-1: Fielders Choice at 2nd, 6-4 (Groundball, 6, EV 88.8 MPH)
|
|
Batting: RHB Xavier Joslin
|
0-0: Called Strike 0-1: Swinging Strike 0-2: Foul Ball, location: 2F 0-2: Hit by Pitch Eric Garrett to second
|
|
Batting: LHB Dave Reyes
|
0-0: Called Strike 0-1: Foul Ball, location: 2F 0-2: Foul Ball, location: 2F 0-2: Ball 1-2: Ball Wild Pitch! Eric Garrett to third Xavier Joslin to second 2-2: Ball 3-2: Strikes out swinging
|
|
Batting: RHB Brandon Perris
|
0-0: Called Strike 0-1: Ball 1-1: Foul Ball, location: 2F 1-2: Ball 2-2: Foul Ball, location: 2F 2-2: Ground out 3-1 (Groundball, 34S, EV 72.5 MPH)
|
| Bottom of the 3rd over - 0 runs, 1 hit, 0 errors, 2 left on base; Fresno 0 - Pawtucket 4 |
| TOP OF THE 4TH |
|
Fresno Grizzlies batting - Pitching for Pawtucket Red Sox : RHP Frank Picaso
|
|
Batting: RHB Chris Fitzgerald
|
0-0: Called Strike 0-1: Called Strike 0-2: Foul Ball, location: 2F 0-2: Ball 1-2: Ball 2-2: Ball 3-2: Foul Ball, location: 2F 3-2: Base on Balls
|
|
Batting: RHB Ramon Castellon
|
0-0: Called Strike 0-1: Ball 1-1: Called Strike 1-2: Ball 2-2: Strikes out swinging
|
|
Batting: RHB Paul Shell
|
0-0: Ball 1-0: Swinging Strike 1-1: Ball 2-1: Fielders Choice at 2nd, 5-4 (Groundball, 56S, EV 80.6 MPH)
|
|
Batting: RHB Edgar Trejo
|
0-0: Ball 1-0: Ball 2-0: Ground out 4-3 (Groundball, 34, EV 76.9 MPH)
|
| Top of the 4th over - 0 runs, 0 hits, 0 errors, 1 left on base; Fresno 0 - Pawtucket 4 |
| BOTTOM OF THE 4TH |
|
Pawtucket Red Sox batting - Pitching for Fresno Grizzlies : RHP Mike Chisolm
|
|
Batting: RHB Dan Friess
|
0-0: Swinging Strike 0-1: Foul Ball, location: 2F 0-2: Ball 1-2: Ball 2-2: Foul Ball, location: 2F 2-2: Foul Ball, location: 2F 2-2: Fly out, F6 (Popup, 6M, EV 76.2 MPH)
|
|
Batting: SHB Ben Ervin
|
0-0: Foul Ball, location: 2F 0-1: Ball 1-1: Ball 2-1: Fly out, F8 (Flyball, 8LD, EV 99.4 MPH)
|
|
Batting: LHB John Bailey
|
0-0: Foul Ball, location: 2F 0-1: Ball 1-1: Swinging Strike 1-2: Ground out 6-3 (Groundball, 6MS, EV 86.9 MPH)
|
| Bottom of the 4th over - 0 runs, 0 hits, 0 errors, 0 left on base; Fresno 0 - Pawtucket 4 |
| TOP OF THE 5TH |
|
Fresno Grizzlies batting - Pitching for Pawtucket Red Sox : RHP Frank Picaso
|
|
Batting: RHB Raul Sanchez
|
0-0: Swinging Strike 0-1: Foul Ball, location: 2F 0-2: Strikes out swinging
|
|
Batting: RHB Matt Parker
|
0-0: Ball 1-0: Ground out 5-3 (Groundball, 56S, EV 68.8 MPH)
|
|
Batting: RHB Ben Hoffman
|
0-0: Ground out U3 (Groundball, 3L, EV 88.1 MPH)
|
| Top of the 5th over - 0 runs, 0 hits, 0 errors, 0 left on base; Fresno 0 - Pawtucket 4 |
| BOTTOM OF THE 5TH |
|
Pawtucket Red Sox batting - Pitching for Fresno Grizzlies : RHP Mike Chisolm
|
|
Batting: SHB Willie Koviak
|
0-0: Ball 1-0: Called Strike 1-1: Ball 2-1: Ball 3-1: Foul Ball, location: 2F 3-2: Base on Balls
|
|
Pitching: LHP Mike Cobb
|
|
|
Batting: RHB Ernie Genier
|
0-0: Called Strike 0-1: Ball 1-1: Foul Ball, location: 2F 1-2: Ball 2-2: Ball 3-2: Grounds into double play, 4-6-3 (Groundball, 4MD, EV 80.6 MPH)
|
|
Batting: RHB Eric Garrett
|
0-0: Ball 1-0: Swinging Strike 1-1: Ground out 5-3 (Groundball, 56S, EV 64.4 MPH)
|
| Bottom of the 5th over - 0 runs, 0 hits, 0 errors, 0 left on base; Fresno 0 - Pawtucket 4 |
| TOP OF THE 6TH |
|
Fresno Grizzlies batting - Pitching for Pawtucket Red Sox : RHP Frank Picaso
|
|
Batting: LHB Chris Cabrera
|
0-0: Called Strike 0-1: Foul Ball, location: 2F 0-2: DOUBLE (Groundball, 3L, EV 101.9 MPH)
|
|
Batting: LHB Bob Myers
|
0-0: Called Strike 0-1: Foul Ball, location: 2F 0-2: Ball 1-2: Hit by Pitch
|
|
Batting: RHB Chris Fitzgerald
|
0-0: Swinging Strike 0-1: Ball 1-1: Swinging Strike 1-2: Ball 2-2: Strikes out swinging
|
|
Batting: RHB Ramon Castellon
|
0-0: Called Strike 0-1: Called Strike 0-2: Strikes out swinging
|
|
Batting: RHB Paul Shell
|
0-0: Ball 1-0: Foul Ball, location: 2F 1-1: Swinging Strike 1-2: Ball 2-2: Strikes out swinging
|
| Top of the 6th over - 0 runs, 1 hit, 0 errors, 2 left on base; Fresno 0 - Pawtucket 4 |
| BOTTOM OF THE 6TH |
|
Pawtucket Red Sox batting - Pitching for Fresno Grizzlies : LHP Mike Cobb
|
|
Batting: RHB Xavier Joslin
|
0-0: Ball 1-0: Swinging Strike 1-1: Ball 2-1: SINGLE (Groundball, 6, EV 96.9 MPH)
|
|
Batting: LHB Dave Reyes
|
0-0: Ball 1-0: Ball 2-0: Ball 3-0: Foul Ball, location: 2F 3-1: Swinging Strike 3-2: Strikes out looking
|
|
Batting: RHB Brandon Perris
|
0-0: Called Strike 0-1: Swinging Strike 0-2: Ground out 4-3 (Groundball, 34S, EV 79.4 MPH) Xavier Joslin to second
|
|
Batting: RHB Dan Friess
|
0-0: Ball 1-0: Ground out 5-3 (Groundball, 56S, EV 81.2 MPH)
|
| Bottom of the 6th over - 0 runs, 1 hit, 0 errors, 1 left on base; Fresno 0 - Pawtucket 4 |
| TOP OF THE 7TH |
|
Fresno Grizzlies batting - Pitching for Pawtucket Red Sox : RHP Frank Picaso
|
|
Pitching: RHP Pedro Torres
|
|
|
Batting: RHB Edgar Trejo
|
0-0: Swinging Strike 0-1: Foul Ball, location: 2F 0-2: Strikes out swinging
|
|
Batting: RHB Raul Sanchez
|
0-0: Called Strike 0-1: Foul Ball, location: 2F 0-2: Ball 1-2: Fly out, F8 (Line Drive, 8LM, EV 98.8 MPH)
|
|
Batting: RHB Matt Parker
|
0-0: Ball 1-0: Called Strike 1-1: Ball 2-1: Foul Ball, location: 2F 2-2: Foul Ball, location: 2F 2-2: Ball 3-2: Strikes out swinging, 2-3 out at first.
|
| Top of the 7th over - 0 runs, 0 hits, 0 errors, 0 left on base; Fresno 0 - Pawtucket 4 |
| BOTTOM OF THE 7TH |
|
Pawtucket Red Sox batting - Pitching for Fresno Grizzlies : LHP Mike Cobb
|
|
Batting: SHB Ben Ervin
|
0-0: Foul Ball, location: 2F 0-1: Ball 1-1: Foul Ball, location: 2F 1-2: Ball 2-2: Ball 3-2: Base on Balls
|
|
Batting: LHB John Bailey
|
0-0: Ball 1-0: Ball 2-0: Called Strike 2-1: Ball 3-1: Base on Balls Ben Ervin to second
|
|
Batting: SHB Willie Koviak
|
0-0: Called Strike 0-1: Called Strike 0-2: Ball 1-2: Ball 2-2: Ball 3-2: 3-RUN HOME RUN (Line Drive, 9D, EV 103.8 MPH), Distance : 380 ft
|
|
Batting: RHB Ernie Genier
|
0-0: Fly out, F5 (Line Drive, 5, EV 65.0 MPH)
|
|
Batting: RHB Eric Garrett
|
0-0: Ball 1-0: Swinging Strike 1-1: Called Strike 1-2: Ball 2-2: SOLO HOME RUN (Flyball, 9LD, EV 95.6 MPH), Distance : 340 ft
|
|
Batting: RHB Xavier Joslin
|
0-0: Ball 1-0: Foul Ball, location: 2F 1-1: SINGLE (Flyball, 8LS, EV 84.4 MPH)
|
|
Batting: LHB Dave Reyes
|
0-0: Ball 1-0: Ball 2-0: SINGLE (Groundball, 56S, EV 96.9 MPH) Xavier Joslin to second
|
|
Batting: RHB Brandon Perris
|
0-0: Ball 1-0: Called Strike 1-1: Foul Ball, location: 2F 1-2: Strikes out swinging
|
|
Batting: RHB Dan Friess
|
0-0: Ball 1-0: Foul Ball, location: 2F 1-1: Foul Ball, location: 2F 1-2: Strikes out swinging
|
| Bottom of the 7th over - 4 runs, 4 hits, 0 errors, 2 left on base; Fresno 0 - Pawtucket 8 |
| TOP OF THE 8TH |
|
Fresno Grizzlies batting - Pitching for Pawtucket Red Sox : RHP Pedro Torres
|
|
Batting: RHB Ben Hoffman
|
0-0: Ball 1-0: Swinging Strike 1-1: Foul Ball, location: 2F 1-2: Ball 2-2: Foul Ball, location: 2F 2-2: Ball 3-2: Base on Balls
|
|
Pinch Hitting: LHB Daniel Lopez
|
0-0: Ball 1-0: Foul Ball, location: 2F 1-1: Foul Ball, location: 2F 1-2: Ball 2-2: Foul Ball, location: 2F 2-2: Ball 3-2: Ground out 4-3 (Groundball, 34S, EV 70.0 MPH) Ben Hoffman to second
|
|
Pitching: RHP Steve Capizzi
|
|
|
Batting: LHB Bob Myers
|
0-0: Ground out 5-3 (Groundball, 56, EV 109.4 MPH)
|
|
Batting: RHB Chris Fitzgerald
|
0-0: Ball 1-0: Ball 2-0: SINGLE (Groundball, 6MD, EV 96.2 MPH) Ben Hoffman to third Runner from 3rd tries for Home, SAFE, throw by CF to home
|
|
Batting: RHB Ramon Castellon
|
0-0: Called Strike 0-1: Swinging Strike 0-2: Ball 1-2: 2-RUN HOME RUN (Flyball, 78XD, EV 110.6 MPH), Distance : 398 ft
|
|
Batting: RHB Paul Shell
|
0-0: DOUBLE (Line Drive, 7LS, EV 90.0 MPH)
|
|
Batting: RHB Edgar Trejo
|
0-0: Called Strike 0-1: Ball 1-1: Ball 2-1: Fly out, F4 (Popup, 13, EV 83.8 MPH)
|
| Top of the 8th over - 3 runs, 3 hits, 0 errors, 1 left on base; Fresno 3 - Pawtucket 8 |
| BOTTOM OF THE 8TH |
|
Pawtucket Red Sox batting - Pitching for Fresno Grizzlies : LHP Mike Cobb
|
|
Pitching: RHP Alex Alicea
|
|
|
Now at 1B: Daniel Lopez
|
|
|
Now in CF: Bob Myers
|
|
|
Now in RF: Doug Anderson
|
|
|
Batting: SHB Ben Ervin
|
0-0: Ball 1-0: Fly out, F5 (Line Drive, 56, EV 86.2 MPH)
|
|
Batting: LHB John Bailey
|
0-0: Called Strike 0-1: Ball 1-1: Foul Ball, location: 2F 1-2: Fly out, F7 (Flyball, 7, EV 85.0 MPH)
|
|
Batting: SHB Willie Koviak
|
0-0: Foul Ball, location: 2F 0-1: Ball 1-1: Ground out 6-3 (Groundball, 56, EV 99.4 MPH)
|
| Bottom of the 8th over - 0 runs, 0 hits, 0 errors, 0 left on base; Fresno 3 - Pawtucket 8 |
| TOP OF THE 9TH |
|
Fresno Grizzlies batting - Pitching for Pawtucket Red Sox : RHP Steve Capizzi
|
|
Batting: RHB Raul Sanchez
|
0-0: Swinging Strike 0-1: Ball 1-1: DOUBLE (Line Drive, 89XD, EV 97.5 MPH)
|
|
Batting: RHB Matt Parker
|
0-0: Called Strike 0-1: Ball 1-1: Ball 2-1: SINGLE (Groundball, 4MD, EV 105.0 MPH) Raul Sanchez to third
|
|
Batting: LHB Doug Anderson
|
0-0: Ball 1-0: Ball 2-0: Ball 3-0: Base on Balls Matt Parker to second
|
|
Batting: LHB Daniel Lopez
|
0-0: Ball 1-0: Grounds into double play, 4-6-3 (Groundball, 4, EV 81.9 MPH) Raul Sanchez scores Matt Parker to third
|
|
Pitching: RHP Jaime Dunning
|
|
|
Batting: LHB Bob Myers
|
0-0: Ball 1-0: Called Strike 1-1: Swinging Strike 1-2: Foul Ball, location: 2F 1-2: Ball 2-2: Foul Ball, location: 2F 2-2: SINGLE (Groundball, 34D, EV 97.5 MPH) Matt Parker scores
|
|
Batting: RHB Chris Fitzgerald
|
0-0: Ball 1-0: Ball 2-0: Called Strike 2-1: Called Strike 2-2: Fielders Choice at 2nd, 5-4 (Groundball, 56D, EV 84.4 MPH)
|
| Top of the 9th over - 2 runs, 3 hits, 0 errors, 1 left on base; Fresno 5 - Pawtucket 8 |
|